 Dungeon Crawl Stone Soup version 0.19-a0-1851-g3228ea0 (webtiles) character file.

34224 esc the Thaumaturge (level 13, 0/73 HPs)
             Began as a Deep Elf Fire Elementalist on Oct 10, 2016.
             Was an Elder of Vehumet.
             Slain by a seven-headed hydra (3 damage)
             ... on level 5 of the Lair of Beasts.
             The game lasted 01:24:51 (18075 turns).

esc the Thaumaturge (Deep Elf Fire Elementalist)   Turns: 18075, Time: 01:24:53

Health: 0/73       AC:  8    Str:  5    XL:     13   Next: 41%
Magic:  32/32      EV: 24    Int: 22    God:    Vehumet [****..]
Gold:   861        SH:  0    Dex: 15    Spells: 6 memorised, 20 levels left

rFire  + . .     SeeInvis .     j - +1 dagger (flame)
rCold  . . .     Gourm    .     a - +0 robe
rNeg   + + .     Faith    .     (no shield)
rPois  .         Spirit   .     L - +2 helmet
rElec  .         Dismiss  .     K - +1 cloak of Generosity {rN++ MR+ Regen+ Int-4}
rCorr  .         Reflect  .     (no gloves)
MR     ++...     Harm     .     C - +0 pair of boots
Stlth  ++++......               d - amulet of magic regeneration
                                y - ring of protection from fire {rF+, !d}
                                f - +4 ring of evasion

@: no status effects
A: no striking features
a: Renounce Religion


You were on level 5 of the Lair of Beasts.
You worshipped Vehumet.
Vehumet was greatly pleased with you.
You were not hungry.

You visited 3 branches of the dungeon, and saw 17 of its levels.
You also visited: Ice Cave.

You collected 1111 gold pieces.
You spent 250 gold pieces at shops.

Inventory:

Hand Weapons
 j - a +1 dagger of flaming (weapon)
   (You took it off a kobold on level 1 of the Dungeon)
 I - a +0 blowgun
   (You took it off a kobold on level 9 of the Dungeon)
Missiles
 l - 380 stones (quivered)
 v - 68 poisoned needles
 x - 2 throwing nets {=f, !d}
 z - 16 tomahawks
 J - 4 silver tomahawks
Armour
 a - a +0 robe (worn)
 C - a +0 pair of boots (worn)
   (You found it on level 5 of the Dungeon)
 K - the +1 cloak of Generosity (worn) {rN++ MR+ Regen+ Int-4}
   (You found it on level 9 of the Dungeon)

   It affects your intelligence (-4).
   It greatly protects you from negative energy.
   It affects your resistance to hostile enchantments.
   It increases your rate of regeneration.
 L - a +2 helmet (worn)
   (You found it on level 10 of the Dungeon)
Jewellery
 d - an amulet of magic regeneration (around neck)
   (You took it off an orc on level 4 of the Dungeon)
 f - a +4 ring of evasion (left hand)
   (You found it on level 4 of the Lair of Beasts)
 o - an uncursed amulet of rage {+Rage, !d}
   (You found it on level 1 of the Dungeon)
 r - an uncursed ring of resist corrosion
   (You found it on level 3 of the Dungeon)
 y - a ring of protection from fire (right hand) {rF+, !d}
   (You bought it in a shop on level 5 of the Dungeon)
 G - an uncursed amulet of the gourmand {Gourm, !d}
   (You took it off an orc wizard on level 9 of the Dungeon)
 T - an uncursed ring of poison resistance {rPois, !d}
   (You found it on level 5 of the Lair of Beasts)
Wands
 P - a wand of iceblast (7/15)
   (You found it on level 10 of the Dungeon)
 S - a wand of iceblast (4/15)
   (You found it on level 5 of the Lair of Beasts)
Scrolls
 g - a scroll of enchant armour
 i - 2 scrolls of immolation {!r}
 k - 3 scrolls of teleportation
 m - 9 scrolls of remove curse
 A - 2 scrolls of recharging
 F - 5 scrolls of identify
 M - 2 scrolls of blinking {!r}
 V - a scroll of fog
Potions
 e - 8 potions of lignification {!q}
 h - 3 potions of heal wounds
 q - 4 potions of curing
 s - a potion of resistance
 t - 3 potions of haste
 u - 3 potions of agility
 D - 2 potions of invisibility
 E - 2 potions of brilliance
 H - 2 potions of flight
 O - a potion of ambrosia
 Q - a potion of berserk rage {!q}
Books
 b - a book of Flames
 R - a book of Beasts
   (You found it on level 10 of the Dungeon)
Comestibles
 c - 7 bread rations {@e1}
 n - 31 fruits
 p - 13 chunks of flesh {@w0}
 w - 8 meat rations {@e2}


   Skills:
 - Level 5.5 Fighting
 + Level 6.6 Short Blades
 + Level 11.6 Dodging
 - Level 10.1 Stealth
 + Level 13.0 Spellcasting
 + Level 11.0 Conjurations
 + Level 11.6 Fire Magic


You had 20 spell levels left.
You knew the following spells:

 Your Spells              Type           Power        Failure   Level  Hunger
a - Flame Tongue          Conj/Fire      #####        1%          1    None
b - Mephitic Cloud        Conj/Pois/Air  ####....     1%          3    None
c - Conjure Flame         Conj/Fire      ######..     1%          3    None
f - Fireball              Conj/Fire      ######....   1%          5    ###....
s - Sticky Flame          Conj/Fire      ######..     1%          4    None
x - Throw Flame           Conj/Fire      ######       1%          2    None


Dungeon Overview and Level Annotations

Branches:
Dungeon (10/15)            Temple (1/1) D:7            Lair (6/6) D:10
  Swamp (0/4) Lair:3        Snake (0/4) Lair:4          Orc (0/2) D:9
  Slime: Lair:5-6

Altars:
Ashenzari
Cheibriados
Dithmenos
Fedhas
Gozag
Hepliaklqana
Okawaru
Ru
Vehumet
The Shining One

Shops:
D:5 =

Annotations:
D:5 exclusion: crimson imp
Lair:2 Gastronok
Lair:3 Sonja


Message History

You hit the crocodile but do no damage. You barely miss the crocodile.
The crocodile burns!
The crocodile completely misses you.
You hit the crocodile but do no damage.
The crocodile burns!
The crocodile bites you!!
You take 19 damage, and have 29/73 hp.
MASSIVE DAMAGE!!
The crocodile burns!
The crocodile stops burning.
Aim: a crocodile (almost dead)
The sticky flame hits the crocodile.
You kill the crocodile!
Vehumet accepts your kill.
You feel your power returning.
You now have 10/32 mp.
Aim: a yak (heavily wounded)
The sticky flame hits the yak.
The yak is covered in liquid flames!
The yak burns!
The yak gores you!
* * * LOW HITPOINT WARNING * * *
You take 14 damage, and have 18/73 hp.
You now have 7/32 mp.
The yak burns!
You kill the yak!
Vehumet accepts your kill.
Things that are here:
a yak corpse; a crocodile corpse
Okay, then.
Unknown command.
The yak bellows!
You hit the yak. You burn the yak. The yak closely misses you.
Aim: a yak (moderately wounded)
The sticky flame hits the yak.
The yak is covered in liquid flames!
The yak burns!
The yak gores you.
* * * LOW HITPOINT WARNING * * *
You take 2 damage, and have 21/73 hp.
You now have 5/32 mp.
The yak burns!
The yak burns!
The yak burns!
You kill the yak!
Vehumet accepts your kill.
You feel your power returning.
You regained 3 mp, and now have 9/32 mp.
Things that are here:
a yak corpse; a crocodile corpse You butcher the yak corpse.
p - 3 chunks of flesh {@w0} (gained 1)
You see here a crocodile corpse.
You butcher the crocodile corpse.
p - 7 chunks of flesh {@w0} (gained 4)
You regained 2 hp, and now have 29/73 hp.
There isn't anything here!
Some of the chunks of flesh in your inventory have rotted away.
You see here an elephant corpse.
You butcher the elephant corpse.
p - 13 chunks of flesh {@w0} (gained 8)
You see here an elephant skeleton.
You regained 2 hp, and now have 32/73 hp.
You see here 2 inedible chunks of flesh {@w0}.
There is a stone staircase leading down here.
You start resting.
Health restored: 73; MP restored: 32 You climb downwards.
A spiny frog comes into view.
The seven-headed hydra bites you. The seven-headed hydra bites you!
The seven-headed hydra completely misses you.
The seven-headed hydra misses you.
The seven-headed hydra bites you but does no damage.
The seven-headed hydra misses you.
The seven-headed hydra completely misses you.
There is a stone staircase leading up, spattered with blood here.
You take 12 damage, and have 61/73 hp.
The seven-headed hydra completely misses you.
The seven-headed hydra closely misses you.
The seven-headed hydra bites you!
The seven-headed hydra closely misses you.
The seven-headed hydra bites you but does no damage.
The seven-headed hydra bites you. The seven-headed hydra misses you.
You climb upwards.
There is a stone staircase leading down here.
You take 14 damage, and have 47/73 hp.
The seven-headed hydra completely misses you.
The seven-headed hydra barely misses you.
The seven-headed hydra closely misses you.
The seven-headed hydra completely misses you.
The seven-headed hydra misses you. The seven-headed hydra bites you!
The seven-headed hydra misses you.
You take 14 damage, and have 33/73 hp.
The seven-headed hydra bites you! The seven-headed hydra bites you.
The seven-headed hydra bites you!
* * * LOW HITPOINT WARNING * * *
The seven-headed hydra bites you.
* * * LOW HITPOINT WARNING * * *
The seven-headed hydra closely misses you.
The seven-headed hydra completely misses you.
The seven-headed hydra misses you.
You take 24 damage, and have 9/73 hp.
MASSIVE DAMAGE!!
The seven-headed hydra bites you!
* * * LOW HITPOINT WARNING * * *
The seven-headed hydra barely misses you.
The seven-headed hydra bites you.
You die...

## # # ### ### #######
###.##### ##.# #.#...#
#...#...#####.#######.##.##
.........................##
..........................#
............%........>...##
................@D.......##
.........รท................##
..........................P#
.........................###
..PP##....##...#P#....P.##
.#PP#########P.###P#P####
.#### #### ##### .# ##


You could see a seven-headed hydra.

Vanquished Creatures
  Josephine (Lair:5)
  5 hydras
  Erica (Lair:3)
  2 death yaks (Lair:5)
  A sea snake (Lair:6)
  A hill giant (D:9)
  Pikel (D:9)
  2 black mambas (Lair:5)
  4 elephants
  4 torpor snails (Lair:1)
  15 spiny frogs
  7 komodo dragons
  A rime drake (Lair:6)
  2 ice devils (Lair:2)
  A troll (D:10)
  A wind drake (Lair:5)
  3 polar bears
  6 hippogriffs
  A hornet (Lair:5)
  7 blink frogs
  4 wraiths
  3 wyverns
  24 yaks
  2 basilisks
  2 hungry ghosts (D:9)
  2 insubstantial wisps (Lair:3)
  A warg (D:8)
  9 water moccasins
  3 orc warriors
  9 porcupines
  2 phantoms
  2 black bears
  6 ice beasts
  2 slaves (D:9)
  3 centaurs
  6 wolves (Lair:2)
  3 ogres
  13 crocodiles
  13 bullfrogs
  2 big kobolds
  A wyvern zombie (D:7)
  3 scorpions
  3 killer bees (D:8)
  7 wights
  An electric eel (Lair:1)
  3 howler monkeys (D:10)
  A centaur zombie (D:5)
  A quasit (D:10)
  A bullfrog skeleton (D:4)
  6 hounds
  7 orc priests
  Terence (D:3)
  3 iguanas (D:10)
  10 orc wizards
  7 worker ants
  A hound zombie (D:8)
  A hound skeleton (D:4)
  A howler monkey zombie (D:6)
  A worker ant zombie (D:5)
  A howler monkey skeleton (D:5)
  7 adders
  2 shadow imps
  2 oozes
  2 adder zombies
  An adder skeleton (D:8)
  2 worms
  A dart slug (D:1)
  5 leopard geckos
  36 orcs
  8 giant cockroaches
  6 goblins
  9 hobgoblins
  6 jackals
  15 kobolds
  5 quokkas
  3 ball pythons
  5 bats
  4 frilled lizards
  5 rats
  A butterfly (Lair:2)
362 creatures vanquished.

Vanquished Creatures (others)
  A bullfrog (Lair:3)
  4 fungi
  4 plants
9 creatures vanquished.

Grand Total: 371 creatures vanquished

Notes
Turn   | Place    | Note
-------+----------+-------------------------------------------
     0 | D:1      | esc the Deep Elf Fire Elementalist began the quest for the Orb.
     0 | D:1      | Reached XP level 1. HP: 10/10 MP: 6/6
    79 | D:1      | Reached XP level 2. HP: 15/15 MP: 4/8
   329 | D:1      | HP: 4/16 [hobgoblin (4)]
   760 | D:1      | Reached XP level 3. HP: 8/20 MP: 0/9
  1302 | D:2      | Reached skill level 3 in Dodging
  1312 | D:2      | Found a faded altar of an unknown god.
  2131 | D:3      | Reached skill level 3 in Stealth
  2191 | D:3      | Reached XP level 4. HP: 24/24 MP: 9/11
  2200 | D:3      | Reached skill level 2 in Conjurations
  2301 | D:3      | Reached skill level 1 in Fighting
  2385 | D:3      | HP: 3/25 [orc priest/divine providence (10)]
  2388 | D:3      | Reached skill level 4 in Fire Magic
  2680 | D:3      | Noticed Terence
  2715 | D:4      | Noticed a phantom
  2740 | D:4      | Found a shadowy altar of Dithmenos.
  2740 | D:4      | Found a hazy altar of Hepliaklqana.
  2740 | D:4      | Found an opulent altar of Gozag.
  2773 | D:4      | Killed a phantom
  2773 | D:4      | Reached skill level 4 in Spellcasting
  2773 | D:4      | Reached XP level 5. HP: 19/29 MP: 1/13
  2909 | D:4      | Reached skill level 4 in Stealth
  2909 | D:4      | Reached XP level 6. HP: 25/34 MP: 9/14
  3492 | D:3      | Learned a level 2 spell: Throw Flame
  3496 | D:3      | Learned a level 3 spell: Conjure Flame
  3506 | D:3      | Killed Terence
  3717 | D:4      | Reached skill level 4 in Dodging
  3717 | D:4      | Reached skill level 3 in Conjurations
  3862 | D:3      | HP: 2/35 [ogre/giant spiked club (25)]
  3912 | D:3      | Reached skill level 5 in Spellcasting
  3912 | D:3      | Reached XP level 7. HP: 8/39 MP: 0/16
  4167 | D:4      | Reached skill level 2 in Fighting
  4238 | D:4      | Reached skill level 5 in Fire Magic
  4585 | D:5      | Entered Level 5 of the Dungeon
  4591 | D:5      | Reached skill level 5 in Stealth
  5010 | D:5      | Found Jymmazem's Jewellery Emporium.
  5142 | D:5      | Reached skill level 4 in Conjurations
  5148 | D:5      | Bought an uncursed ring of protection from fire for 250 gold pieces
  5312 | D:5      | HP: 1/40 [centaur/arrow (15)]
  5318 | D:5      | Reached skill level 5 in Dodging
  5421 | D:5      | Reached XP level 8. HP: 22/44 MP: 7/18
  5918 | D:6      | Reached skill level 6 in Spellcasting
  5989 | D:6      | Found a blossoming altar of Fedhas.
  6009 | D:6      | Reached skill level 6 in Stealth
  6312 | D:6      | Reached skill level 6 in Fire Magic
  6551 | D:7      | Found a staircase to the Ecumenical Temple.
  6560 | Temple   | Entered the Ecumenical Temple
  6592 | Temple   | Became a worshipper of Vehumet
  6630 | D:7      | Reached skill level 5 in Conjurations
  6743 | D:5      | Reached skill level 3 in Fighting
  6839 | D:5      | Learned a level 4 spell: Sticky Flame
  6936 | D:6      | Reached skill level 6 in Dodging
  6976 | D:6      | HP: 4/46 [yak (13)]
  7045 | D:6      | Reached skill level 7 in Spellcasting
  7045 | D:6      | Reached XP level 9. HP: 16/51 MP: 17/21
  7291 | D:6      | Reached skill level 7 in Stealth
  7568 | D:8      | Found a shattered altar of Ashenzari.
  7771 | D:8      | Reached skill level 7 in Fire Magic
  8134 | D:8      | Found a sacrificial altar of Ru.
  8629 | D:8      | Reached skill level 6 in Conjurations
  8856 | D:8      | Reached skill level 4 in Fighting
  9388 | D:9      | Reached * piety under Vehumet
  9388 | D:9      | Offered knowledge of Shock by Vehumet.
  9394 | D:9      | Reached skill level 8 in Spellcasting
  9413 | D:9      | Reached skill level 7 in Dodging
  9447 | D:9      | Reached skill level 8 in Stealth
  9534 | D:9      | Found a staircase to the Orcish Mines.
  9704 | D:9      | HP: 11/52 [orc warrior/stone (15)]
 10057 | D:9      | Reached XP level 10. HP: 56/57 MP: 12/24
 10129 | D:9      | Offered knowledge of Freeze by Vehumet.
 10164 | D:9      | Got a distressingly furry cloak
 10175 | D:9      | Identified the +1 cloak of Generosity {rN++ MR+ Regen+ Int-4} (You found it on level 9 of the Dungeon)
 10270 | D:9      | Reached ** piety under Vehumet
 10686 | D:9      | Noticed Pikel
 10712 | D:9      | Killed Pikel
 10712 | D:9      | Reached skill level 8 in Fire Magic
 10733 | D:9      | Found an iron altar of Okawaru.
 10808 | D:10     | Entered Level 10 of the Dungeon
 10952 | D:10     | Reached skill level 9 in Spellcasting
 11177 | D:10     | Noticed a hill giant
 11179 | D:10     | Reached skill level 8 in Dodging
 11179 | D:10     | Reached skill level 7 in Conjurations
 11276 | D:9      | HP: 13/58 [hill giant/giant club (30)]
 11285 | D:9      | Killed a hill giant
 11285 | D:9      | Reached skill level 9 in Stealth
 11440 | D:10     | Reached skill level 5 in Fighting
 12048 | D:10     | Found a staircase to the Lair.
 12067 | Lair:1   | Entered Level 1 of the Lair of Beasts
 12187 | Lair:1   | Offered knowledge of Stone Arrow by Vehumet.
 12236 | Lair:1   | Noticed a torpor snail
 12239 | Lair:1   | Noticed a torpor snail
 12245 | Lair:1   | Killed a torpor snail
 12255 | Lair:1   | Found a snail-covered altar of Cheibriados.
 12268 | Lair:1   | Killed a torpor snail
 12268 | Lair:1   | Reached XP level 11. HP: 64/64 MP: 21/26
 12390 | Lair:1   | Reached skill level 9 in Fire Magic
 12468 | Lair:1   | Reached skill level 10 in Stealth
 12539 | Lair:1   | Reached skill level 10 in Spellcasting
 12657 | Lair:1   | Reached *** piety under Vehumet
 12703 | Lair:1   | Reached skill level 8 in Conjurations
 12730 | Lair:1   | Reached skill level 9 in Dodging
 12824 | Lair:1   | Reached skill level 1 in Short Blades
 13166 | Lair:2   | Noticed Erica
 13185 | Lair:2   | Noticed Gastronok
 13349 | Lair:2   | Offered knowledge of Mephitic Cloud by Vehumet.
 13349 | Lair:2   | Reached skill level 2 in Short Blades
 13368 | Lair:2   | Learned a level 3 spell: Mephitic Cloud
 13374 | Lair:2   | Learned a level 5 spell: Fireball
 13551 | Lair:2   | Found a frozen archway.
 13560 | Lair:2   | HP: 11/64 [ice devil (17)]
 13568 | IceCv    | Entered an ice cave
 13568 | IceCv    | Noticed a white ugly thing
 13997 | Lair:2   | HP: 15/64 [Gastronok/the air (17)]
 14124 | Lair:3   | Reached skill level 3 in Short Blades
 14124 | Lair:3   | Reached skill level 11 in Spellcasting
 14163 | Lair:3   | Reached skill level 9 in Conjurations
 14163 | Lair:3   | Reached skill level 10 in Fire Magic
 14245 | Lair:3   | Reached XP level 12. HP: 34/68 MP: 17/29
 14254 | Lair:3   | Found a staircase to the Swamp.
 14298 | Lair:3   | HP: 6/68 [komodo dragon (30)]
 14382 | Lair:3   | Got an ancient scale mail
 14395 | Lair:3   | Identified the +4 scale mail of the World {MP+9 Int-4 Dex-4 Slay+6} (You found it on level 3 of the Lair of Beasts)
 14421 | Lair:3   | Noticed Sonja
 14825 | Lair:3   | Killed Erica
 14825 | Lair:3   | Reached skill level 10 in Dodging
 14986 | Lair:3   | Reached skill level 4 in Short Blades
 15340 | Lair:4   | Noticed a five-headed hydra
 15348 | Lair:4   | Killed a five-headed hydra
 15379 | Lair:4   | Found a staircase to the Snake Pit.
 15491 | Lair:4   | Reached **** piety under Vehumet
 15605 | Lair:4   | Noticed an eight-headed hydra
 15695 | Lair:5   | Offered knowledge of Ignite Poison by Vehumet.
 15695 | Lair:5   | Reached skill level 10 in Conjurations
 15709 | Lair:5   | Noticed Josephine
 15728 | Lair:5   | Killed Josephine
 15783 | Lair:5   | Reached skill level 5 in Short Blades
 15789 | Lair:5   | Reached skill level 12 in Spellcasting
 15931 | Lair:5   | Noticed a five-headed hydra
 15940 | Lair:5   | Killed a five-headed hydra
 15974 | Lair:5   | Noticed a six-headed hydra
 16037 | Lair:4   | Reached skill level 11 in Fire Magic
 16112 | Lair:4   | Killed an eight-headed hydra
 16366 | Lair:4   | Reached skill level 11 in Dodging
 16728 | Lair:5   | Noticed a seven-headed hydra
 16744 | Lair:5   | Killed a six-headed hydra
 16827 | Lair:5   | Reached XP level 13. HP: 47/73 MP: 25/31
 17149 | Lair:5   | Reached skill level 6 in Short Blades
 17287 | Lair:6   | Entered Level 6 of the Lair of Beasts
 17966 | Lair:5   | Reached skill level 13 in Spellcasting
 17966 | Lair:5   | Reached skill level 11 in Conjurations
 17975 | Lair:5   | HP: 18/73 [yak (14)]
 18072 | Lair:5   | HP: 11/73 [seven-headed hydra (13)]
 18075 | Lair:5   | HP: 3/73 [seven-headed hydra (8)]
 18075 | Lair:5   | Slain by a seven-headed hydra

Vault maps used:
D:1:      dpeg_arrival_orchard
D:2:      ecumenical_altar_2
D:3:      uniq_terence
D:4:      gammafunk_temple_overflow_claw, small_statue_intersection,
          kennysheep_opposing_triangles
D:5:      first_bread, serial_shops, nicolae_shop_window_shopping
D:6:      roderic_digamma_sauvastika, fedhas_altar_1
D:7:      lemuel_coloured_pillars_altar, serial_shops, shop_fountains
D:8:      lemuel_round_altar, nicolae_ru_the_path_less_chosen
D:9:      erik_orc_4, lemuel_tele_altar, uniq_pikel
D:10:     erik_lair_dragon, blue_anna_alchemist, minivault_24
Temple:   regret_index_temple_generic_petals
Lair:1:   kennysheep_snail_temple, infiniplex_staircase_pool_2
Lair:2:   portal_ice_cave_demonic_guard, minivault_25, minivault_24, uniq_erica,
          uniq_gastronok
Lair:3:   minmay_swamp_entry_wisps, grunt_megastairs_1, lemuel_fruit_tree,
          infiniplex_staircase_pool, lemuel_fruit_fields, uniq_sonja
Lair:4:   dummy_snake_entry, grunt_megastairs_5
Lair:5:   uniq_josephine
Lair:6:   gammafunk_lair_ancient_temple, dpeg_slime_entry_enclosed_altar
IceCv:    ice_cave_statue_garden_teleport

Skill      XL: |  1  2  3  4  5  6  7  8  9 10 11 12 13 |
---------------+----------------------------------------+-----
Dodging        | 3 4 5 6 7 8 9 11 | 11.6
Stealth        | 3 4 5 6 8 9 10 | 10.1
Conjurations   | 2 3 4 5 6 7 9 10 11 | 11.0
Fighting       | 1 2 3 4 5 |  5.5
Fire Magic     | 4 5 6 7 8 10 11 | 11.6
Spellcasting   | 4 5 7 8 9 11 12 13 | 13.0
Short Blades   | 3 5 6 |  6.6

Action                   |  1- 3 |  4- 6 |  7- 9 | 10-12 | 13-15 || total
-------------------------+-------+-------+-------+-------+-------++-------
Melee: Dagger            |    23 |    12 |    48 |   138 |    32 ||   253
       Rapier            |       |     4 |       |       |       ||     4
 Cast: Flame Tongue      |    64 |    70 |   144 |   143 |    52 ||   473
       Throw Flame       |       |    10 |   170 |   184 |    38 ||   402
       Conjure Flame     |       |     4 |    14 |     5 |       ||    23
       Sticky Flame      |       |       |    16 |   158 |    51 ||   225
       Mephitic Cloud    |       |       |       |    22 |     5 ||    27
       Fireball          |       |       |       |     9 |     6 ||    15
  Use: Potion            |       |     1 |     1 |     1 |     1 ||     4
       Scroll            |       |     1 |    16 |    11 |       ||    28
 Stab: Sleeping          |     2 |     2 |     6 |    13 |     1 ||    24
       Confused          |       |       |       |     2 |     2 ||     4
  Eat: Chunk             |     4 |     4 |    15 |    19 |     3 ||    45
       Fruit             |       |     1 |     4 |     8 |       ||    13
       Royal jelly       |       |       |     1 |     1 |     1 ||     3
Armor: Robe              |     5 |     5 |    30 |    61 |    14 ||   115
Dodge: Dodged            |    29 |    32 |   121 |   344 |   134 ||   660

Vault maps used:
D:1:      dpeg_arrival_orchard
D:2:      ecumenical_altar_2
D:3:      uniq_terence
D:4:      gammafunk_temple_overflow_claw, small_statue_intersection,
          kennysheep_opposing_triangles
D:5:      first_bread, serial_shops, nicolae_shop_window_shopping
D:6:      roderic_digamma_sauvastika, fedhas_altar_1
D:7:      lemuel_coloured_pillars_altar, serial_shops, shop_fountains
D:8:      lemuel_round_altar, nicolae_ru_the_path_less_chosen
D:9:      erik_orc_4, lemuel_tele_altar, uniq_pikel
D:10:     erik_lair_dragon, blue_anna_alchemist, minivault_24
Temple:   regret_index_temple_generic_petals
Lair:1:   kennysheep_snail_temple, infiniplex_staircase_pool_2
Lair:2:   portal_ice_cave_demonic_guard, minivault_25, minivault_24, uniq_erica,
          uniq_gastronok
Lair:3:   minmay_swamp_entry_wisps, grunt_megastairs_1, lemuel_fruit_tree,
          infiniplex_staircase_pool, lemuel_fruit_fields, uniq_sonja
Lair:4:   dummy_snake_entry, grunt_megastairs_5
Lair:5:   uniq_josephine
Lair:6:   gammafunk_lair_ancient_temple, dpeg_slime_entry_enclosed_altar
IceCv:    ice_cave_statue_garden_teleport

Table legend:
 A = Turns spent in this place as a percentage of turns spent in the entire game.
 B = Non-inter-level travel turns spent in this place as a percentage of non-inter-level travel turns spent in the entire game.
 C = Inter-level travel turns spent in this place as a percentage of turns spent in this place.
 D = Turns resting spent in this place as a percentage of non-inter-level travel turns spent in this place.
 E = Turns spent auto-exploring this place as a percentage of non-inter-level travel turns spent in this place.
 F = Non-inter-level travel turns spent in this place divided by the number of levels of this place that you've seen.
                   A       B       C       D       E      F
               +-------+-------+-------+-------+-------+----------------------
         Total | 100.0 | 100.0 |   0.7 |   2.9 |   6.5 | 311.8
       Dungeon |  53.4 |  53.3 |   0.8 |   3.1 |   8.3 | 299.2
        Temple |   0.5 |   0.5 |   3.2 |   0.0 |   3.3 |  30.0
          Lair |  46.0 |  46.0 |   0.5 |   2.6 |   4.4 | 430.7
      Ice Cave |   0.1 |   0.1 |   0.0 |   0.0 |   0.0 |   7.0
               +-------+-------+-------+-------+-------+----------------------

Table legend:
 A = Kills in this place as a percentage of kills in entire the game.
 B = Kills by you in this place as a percentage of kills by you in the entire game.
 C = Kills by friends in this place as a percentage of kills by friends in the entire game.
 D = Other kills in this place as a percentage of other kills in the entire game.
 E = Experience gained in this place as a percentage of experience gained in the entire game.
 F = Experience gained in this place divided by the number of levels of this place that you have seen.
                   A       B       C       D       E      F
               +-------+-------+-------+-------+-------+----------------------
         Total | 100.0 | 100.0 |  -nan |  -nan | 100.0 | 2716.2
       Dungeon |  63.0 |  63.0 |  -nan |  -nan |  20.7 | 1013.5
          Lair |  36.2 |  36.2 |  -nan |  -nan |  78.4 | 6392.5
      Ice Cave |   0.8 |   0.8 |  -nan |  -nan |   0.8 | 402.0
               +-------+-------+-------+-------+-------+----------------------
